 Dungeon Crawl Stone Soup version 0.28-a0-1447-ga5a8893891 (webtiles) character file.

Game seed: 9079193204922854923

7 croobank the Ruffian (level 1, -2/16 HPs)
             Began as a Draconian Transmuter on Jan 12, 2022.
             Slain by a gnoll (6 damage)
             ... on level 1 of the Dungeon.
             The game lasted 00:00:55 (254 turns).

croobank the Ruffian (Draconian Transmuter)          Turns: 254, Time: 00:00:55

Health: -2/16      AC:  4    Str: 12    XL:     1   Next: 83%
Magic:  3/3        EV: 12    Int: 13    God:
Gold:   34         SH:  0    Dex: 11    Spells: 3/4 levels left

rFire   . . .      SeeInvis .     - Unarmed
rCold   . . .      Faith    .   (no shield)
rNeg    . . .      Spirit   .   (armour unavailable)
rPois   .          Reflect  .   (helmet restricted)
rElec   .          Harm     .   (no cloak)
rCorr   .          Rampage  .   (no gloves)
Will    .....                   (no boots)
Stlth   +.........              (no amulet)
HPRegen 0.05/turn               (no ring)
MPRegen 0.08/turn               (no ring)

@: no status effects
A: AC +4, unfitting armour, cold-blooded
a: no special abilities


You were on level 1 of the Dungeon.
You visited 1 branch of the dungeon, and saw 1 of its levels.

You collected 34 gold pieces.

Inventory:

Missiles
 a - 13 poisoned darts
 c - 19 stones
Scrolls
 b - a scroll of noise {unknown}
 d - a scroll of teleportation {unknown}
 e - a scroll of vulnerability {unknown}


   Skills:
 + Level 1.3 Fighting
 + Level 1.9 Dodging
 + Level 3.1 Unarmed Combat
 + Level 2.1 Spellcasting
 + Level 2.1 Transmutations


You had 3 spell levels left.
You knew the following spells:

 Your Spells              Type           Power      Damage    Failure   Level
a - Beastly Appendage     Tmut           12%        N/A       11%         1

Your spell library contained the following spells:

 Spells                   Type           Power      Damage    Failure   Level
 Wereblood                Tmut           6%         N/A       16%         2
 Spider Form              Tmut/Pois      4%         N/A       43%         3
 Ice Form                 Ice/Tmut       4%         N/A       85%         4


Dungeon Overview and Level Annotations

Branches:
Dungeon (1/15)

Altars:


Innate Abilities, Weirdness & Mutations

Your plain brown scales are hard. (AC +4)
You cannot fit into any form of body armour.
You are cold-blooded and may be slowed by cold attacks.


Message History

A frilled lizard comes into view.
A frilled lizard comes into view.
Your transformation is almost over.
The ball python bites you but does no damage.
The ball python misses you.
A gnoll comes into view. It is wielding a +0 club.
The ball python bites you but does no damage.
The ball python grabs you. The ball python constricts you.
The ball python closely misses you. The ball python constricts you.
You hit the ball python.
You kill the ball python!
The frilled lizard hisses angrily.
The frilled lizard bites you but does no damage.
You hit the frilled lizard.
You kill the frilled lizard!
Casting: Beastly Appendage (safe; 11% risk of failure)
Confirm with . or Enter, or press ? or * to list all spells.
You extend your transformation's duration.
Your transformation is almost over.
You miss the frilled lizard.
The frilled lizard bites you but does no damage.
You hit the gnoll. Your kick misses the gnoll.
The gnoll is moderately wounded.
The gnoll hits you with a +0 club. The frilled lizard barely misses you.
You closely miss the gnoll.
You headbutt the gnoll, but do no damage.
Your tail-slap misses the gnoll.
The gnoll is moderately wounded.
The gnoll hits you with a +0 club!
* * * LOW HITPOINT WARNING * * *
You closely miss the gnoll.
You headbutt the gnoll, but do no damage.
The gnoll is moderately wounded.
The frilled lizard barely misses you. The gnoll misses you.
Your horns disappear.
Your talons disappear.
There is an open door here.
You hit the frilled lizard.
You kill the frilled lizard!
The gnoll hits you with a +0 club.
You die...

..............#
.............# ....†........#
.............# .............#
###+####'##### ..# #†#
####.###.#############.#
...............g@......#
......##.###############
......##...........
.......#..#################
####+#.#..#...............#.#
#....#.....#########.#.#
##...#.###.#.........#.#
#######...#...#.#.######..#.#
#.....).>.#.#.#.#.....†...#.#


You could see a gnoll.

Vanquished Creatures
  An endoplasm (D:1)
  A goblin (D:1)
  2 ball pythons (D:1)
  3 frilled lizards (D:1)
  A rat (D:1)
8 creatures vanquished.

Notes
Turn   | Place    | Note
-------+----------+-------------------------------------------
     0 | D:1      | croobank the Draconian Transmuter began the quest for the
                  | Orb.
     0 | D:1      | Reached XP level 1. HP: 16/16 MP: 3/3
   254 | D:1      | Slain by a gnoll

Illustrated notes

Levels and vault maps discovered:
D:1:      amcnicky_arrival_wind_blow, layout_basic

Action                   || total
-------------------------++-------
Melee: Unarmed           ||    17
       Headbutt          ||     3
       Kick              ||     2
 Cast: Beastly Appendage ||     5
Armor: Skin              ||     6
Dodge: Dodged            ||    13

Table legend: (Time is in decaauts)
 A = Elapsed time spent in this place.
 B = Non-inter-level travel time spent in this place.
 C = Inter-level travel time spent in this place.
 D = Time resting spent in this place.
 E = Time spent auto-exploring this place.
 F = Levels seen in this place.
 G = Mean time per level.
                   A        B        C        D        E       F      G
               +--------+--------+--------+--------+--------+-----+--------+
         Total |    252 |    252 |      0 |      0 |    172 |   1 |  252.0 |
       Dungeon |    252 |    252 |      0 |      0 |    172 |   1 |  252.0 |
               +--------+--------+--------+--------+--------+-----+--------+

Top non-repeatable levels by time:
     D:1: 252 daAuts
